 Dungeon Crawl Stone Soup version 0.18.1-48-g4cf74bf (webtiles) character file.

363 negitausen the Skirmisher (level 6, -9/48 HPs)
             Began as a Demonspawn Berserker on Sept 12, 2016.
             Was a Priest of Trog.
             Mangled by an ogre
             ... wielding a +0 giant spiked club
              (18 damage)
             ... on level 4 of the Dungeon.
             The game lasted 00:16:50 (2237 turns).

negitausen the Skirmisher (Demonspawn Berserker)    Turns: 2237, Time: 00:16:50

Health: -9/48      AC:  9    Str: 20    XL:     6   Next: 39%
Magic:  6/6        EV: 12    Int:  8    God:    Trog [***...]
Gold:   159        SH:  0    Dex: 12    Spells: 0 memorised, 5 levels left

rFire  . . .     SeeInvis .     a - +0 falchion
rCold  + . .     Gourm    +     n - +1 ring mail {rC+}
rNeg   . . .     Faith    .     (no shield)
rPois  .         Spirit   .     (no helmet)
rElec  .         Dismiss  .     j - +0 cloak
rCorr  .         Reflect  .     t - +0 pair of gloves
SustAt .         Harm     .     (no boots)
MR     .....                    m - amulet of the gourmand
Stlth  +.........               (no ring)
                                (no ring)

@: not resistant to hostile enchantments, very unstealthy
A: talons 2, powered by death 1
a: Berserk, Trog's Hand, Burn Spellbooks, Renounce Religion


You were on level 4 of the Dungeon.
You worshipped Trog.
Trog was most pleased with you.
You were completely stuffed.

You visited 1 branch of the dungeon, and saw 4 of its levels.

You collected 159 gold pieces.

Inventory:

Hand Weapons
 a - a +0 falchion (weapon)
 p - a cursed -1 blowgun
Missiles
 e - 39 sling bullets
 g - 32 arrows
 k - 10 bolts
 l - 86 stones (quivered)
 q - 5 poisoned needles
Armour
 b - a +0 animal skin
 f - a +0 chain mail
 j - a +0 cloak (worn)
 n - a +1 ring mail of cold resistance (worn)
 t - a +0 pair of gloves (worn)
Jewellery
 m - an amulet of the gourmand (around neck)
Wands
 r - a wand of enslavement (14/24)
Scrolls
 i - 2 scrolls of immolation
Comestibles
 c - 3 bread rations
 d - 2 beef jerkies
 h - 2 meat rations
 o - 6 chunks of flesh
 s - a slice of pizza


   Skills:
 + Level 4.1 Fighting
 + Level 4.1 Long Blades
 + Level 3.4 Armour
 + Level 3.5 Dodging


You had 5 spell levels left.
You didn't know any spells.

Dungeon Overview and Level Annotations

Branches:
Dungeon (4/15)
 Temple: D:4-7

Altars:
The Shining One


Innate Abilities, Weirdness & Mutations

You have razor-sharp toenails.
You regenerate a little health from kills.


Message History

The giant gecko barely misses you. x2
You closely miss the giant gecko. Your kick misses the giant gecko.
The giant gecko closely misses you.
You hit the giant gecko.
You kill the giant gecko!
Trog accepts your kill.
An ogre comes into view. It is wielding a giant spiked club.
The ogre shouts!
The ogre hits you with a giant spiked club!
You hit the ogre.
The ogre is lightly wounded.
The ogre hits you with a giant spiked club!
You hit the ogre. You claw the ogre, but do no damage.
The ogre is moderately wounded.
The ogre hits you with a giant spiked club!!
Ouch! That really hurt!
* * * LOW HITPOINT WARNING * * *
You feel less regenerative.
The ogre hits you with a giant spiked club!!
You die...

#. #.# #. #.# #.
#.# #. #.# #. #.#
#.#####.##
.....)...#####
.#.####.O#...#
#.....@#...###
#.####>..[....#
......#.......###.
######............
.........<.......
######.#...#####.
#.##### ..# ####


You could see an ogre.

Vanquished Creatures
  A black bear (D:3)
  2 orc priests (D:3)
  An orc wizard (D:3)
  A worker ant (D:4)
  3 gnolls (D:3)
  3 adders
  2 river rats (D:3)
  2 oozes
  A worm (D:4)
  3 dart slugs (D:3)
  3 giant geckos
  6 orcs (D:3)
  5 giant cockroaches
  7 goblins
  7 hobgoblins
  11 kobolds
  2 ball pythons (D:3)
  3 bats
  A giant newt (D:1)
  2 rats
66 creatures vanquished.

Notes
Turn   | Place    | Note
--------------------------------------------------------------
     0 | D:1      | negitausen the Demonspawn Berserker began the quest for the Orb.
     0 | D:1      | Reached XP level 1. HP: 18/18 MP: 1/1
   115 | D:1      | Gained mutation: You regenerate a little health from kills. [demonic ancestry]
   115 | D:1      | Reached XP level 2. HP: 20/24 MP: 2/2
   535 | D:2      | Gained mutation: You have sharp toenails. [demonic ancestry]
   535 | D:2      | Reached XP level 3. HP: 29/29 MP: 3/3
   709 | D:2      | Found a glowing golden altar of the Shining One.
   745 | D:2      | Reached ** piety under Trog
  1033 | D:2      | Gained mutation: You have razor-sharp toenails. [demonic ancestry]
  1033 | D:2      | Reached XP level 4. HP: 37/37 MP: 4/4
  1494 | D:3      | Reached XP level 5. HP: 42/42 MP: 5/5
  1872 | D:3      | Found a faded altar to an unknown god.
  2037 | D:3      | Noticed a black bear
  2060 | D:3      | Killed a black bear
  2060 | D:3      | Reached XP level 6. HP: 18/48 MP: 6/6
  2122 | D:3      | Reached *** piety under Trog
  2237 | D:4      | Mangled by an ogre

Skill      XL: |  1  2  3  4  5 |
---------------+----------------+-----
Long Blades    | 3 4 |  4.1
Armour         | 2 3 |  3.4
Dodging        | 2 3 |  3.5
Fighting       | 4 |  4.1

Action                   |  1- 3 |  4- 6 || total
-------------------------+-------+-------++-------
Melee: Falchion          |   139 |   145 ||   284
       Kick              |    17 |    46 ||    63
Invok: Berserk           |       |     2 ||     2
       Trog's Hand       |       |     1 ||     1
  Use: Potion            |     3 |       ||     3
       Scroll            |     2 |     2 ||     4
  Eat: Chunk             |     6 |    11 ||    17
Armor: Animal skin       |     5 |       ||     5
       Chain mail        |    32 |       ||    32
       Ring mail         |    25 |    79 ||   104
Dodge: Dodged            |    88 |   124 ||   212
